 Dungeon Crawl Stone Soup version 0.21-a0-401-g0b6bec4 (webtiles) character file.

18391 Ushi the Fencer (level 12, -3/110 HPs)
             Began as a Minotaur Fighter on Oct 25, 2017.
             Was a High Priest of Trog.
             Succumbed to a naga mage's bolt of poison
             ... on level 1 of the Snake Pit.
             The game lasted 01:44:45 (12331 turns).

Ushi the Fencer (Minotaur Fighter)                 Turns: 12331, Time: 01:44:47

Health: -3/110     AC: 18    Str: 25    XL:     12   Next: 27%
Magic:  2/11       EV:  8    Int:  5    God:    Trog [*****.]
Gold:   513        SH: 13    Dex: 15    Spells: 11/11 levels left

rFire    + . .     SeeInvis .   t - +0 scimitar (flame)
rCold    x . .     Gourm    .   c - +0 shield
rNeg     . . .     Faith    .   O - +0 plate armour
rPois    .         Spirit   +   (helmet restricted)
rElec    .         Reflect  .   K - scarf {Spirit}
rCorr    .         Harm     .   (no gloves)
MR       .....                  z - +2 pair of boots
Stlth    ..........             (no amulet)
HPRegen  0.28/turn              J - ring of fire
MPRegen  0.12/turn              y - +4 ring of dexterity

@: lethally poisoned (-3 -> -52)
A: retaliatory headbutt, horns 2
a: Berserk, Trog's Hand, Brothers in Arms, Burn Spellbooks, Renounce Religion


You were on level 1 of the Snake Pit.
You worshipped Trog.
Trog was extremely pleased with you.
You were not hungry.

You visited 4 branches of the dungeon, and saw 14 of its levels.

You collected 513 gold pieces.

Inventory:

Hand Weapons
 t - a +0 scimitar of flaming (weapon)
 S - a +2 shortbow of freezing
Missiles
 w - 96 arrows
 L - 8 tomahawks of dispersal (quivered)
Armour
 c - a +0 shield (worn)
 z - a +2 pair of boots (worn)
 K - a scarf of spirit shield (worn)
 O - a +0 plate armour (worn)
Jewellery
 y - a +4 ring of dexterity (right hand)
 J - a ring of fire (left hand)
Wands
 H - a wand of lightning (8/15)
 N - a wand of lightning (9/15)
Scrolls
 e - 2 scrolls of immolation
 h - 2 scrolls of enchant weapon
 m - a scroll of blinking
 n - 5 scrolls of remove curse
 r - 9 scrolls of identify {unknown}
 u - 2 scrolls of teleportation
 C - a scroll of fog {unknown}
 D - a scroll of magic mapping
 F - a scroll of fear {unknown}
 V - a scroll of amnesia {unknown}
Potions
 a - a potion of haste {unknown}
 b - a potion of flight {unknown}
 d - 2 potions of might
 j - 2 potions of agility
 l - 14 potions of degeneration
 s - a potion of invisibility {unknown}
 x - 4 potions of ambrosia {unknown}
 A - 4 potions of curing {unknown}
 B - a potion of resistance {unknown}
 G - 2 potions of cancellation {unknown}
 I - 2 potions of berserk rage {unknown}
 U - a potion of lignification {unknown}
Comestibles
 f - 5 bread rations
 g - 10 meat rations
 i - 6 royal jellies
 v - 25 fruits


   Skills:
 * Level 11.0 Fighting
 * Level 15.1 Long Blades
 + Level 10.8 Armour
 + Level 3.1 Dodging
 + Level 1.8 Stealth
 + Level 11.1 Shields


You had 11 spell levels left.
You didn't know any spells.

Dungeon Overview and Level Annotations

Branches:
Dungeon (10/15)            Temple (1/1) D:6            Lair (2/6) D:10
  Snake (1/4) Lair:2          Orc (0/2) D:9
  Swamp: Lair:2-4    Shoals: Lair:2-4

Altars:
Ashenzari
Cheibriados
Dithmenos
Elyvilon
Fedhas
Gozag
Hepliaklqana
Kikubaaqudgha
Makhleb
Nemelex Xobeh
Okawaru
Qazlal
Ru
Sif Muna
Trog
Uskayaw
Vehumet
Wu Jian
Xom
Yredelemnul
Zin
The Shining One

Shops:
D:7 }   D:10 }

Annotations:
Lair:2 exclusion: oklob plant


Innate Abilities, Weirdness & Mutations

You reflexively headbutt those who attack you in melee.
You have a pair of horns on your head.


Message History

The poison arrow hits you!
You are lethally poisoned!
* * * LOW HITPOINT WARNING * * *
You hear a shout!
* * * LOW HITPOINT WARNING * * *
You feel sick. The naga mage casts a spell at you. The poison arrow hits you!
You are more poisoned.
* * * LOW HITPOINT WARNING * * *
* * * LOW HITPOINT WARNING * * *
You feel very sick.
You feel much better.
* * * LOW HITPOINT WARNING * * *
You feel very sick.
The naga mage points at you and mumbles some strange words.
The bolt of poison hits you!
You are more poisoned.
* * * LOW HITPOINT WARNING * * *
You die...

## #..###
#.##....###
....#......#
....##....####
..#....<.)..##
#.#..........###
#.#....N....)..###
#.........#......#
#..........@....##
..#
#.##)..#######..#
.....#!.#.## #.#
...........# .#
.....N.....# #
.........#..#
..#......[....
............###
...#.......##NN.


You could see a naga mage.

Vanquished Creatures
  Gastronok (Lair:1)
  A hydra (Lair:1)
  A naga warrior (Snake:1)
  Erica (D:8)
  2 two-headed ogres
  Pikel (D:5)
  A cyclops (D:10)
  An elephant (D:10)
  A black mamba (Snake:1)
  Joseph (D:7)
  A naga mage (Snake:1)
  2 rime drakes
  A spiny frog (Lair:2)
  A komodo dragon (Lair:2)
  A troll (D:9)
  A polar bear (Lair:2)
  Prince Ribbit (D:7)
  5 blink frogs (Lair:1)
  2 hippogriffs
  A wyvern (D:8)
  A vampire (D:10)
  A wraith (D:8)
  5 yaks (D:9)
  Grum (D:8)
  2 nagas (Lair:2)
  2 porcupines
  A swamp drake (D:9)
  8 orc warriors
  9 ogres
  3 sky beasts
  4 ice beasts
  A phantom (D:6)
  2 wolves
  3 centaurs
  4 crocodiles
  A big kobold (D:8)
  7 bullfrogs
  A gnoll sergeant (D:6)
  A wyvern skeleton (D:10)
  4 scorpions
  A howler monkey (D:4)
  4 crimson imps
  A bullfrog zombie (D:9)
  A quasit (D:9)
  2 bullfrog skeletons (D:6)
  3 hounds
  3 centaur skeletons
  16 orc priests
  3 jellies
  24 orc wizards
  Terence (D:3)
  4 iguanas
  2 worker ants (D:8)
  A hound skeleton (D:7)
  2 worker ant zombies
  Robin (D:3)
  5 gnolls (D:6)
  7 adders
  2 shadow imps
  An adder skeleton (D:8)
  2 adder zombies
  A worm (D:2)
  A dart slug (D:2)
  5 leopard geckos
  55 orcs
  9 bats
  6 giant cockroaches
  12 goblins
  13 hobgoblins
  3 jackals (D:10)
  13 kobolds
  A quokka (D:7)
  A ball python (D:6)
  2 frilled lizards (D:2)
  A jackal skeleton (D:7)
  2 quokka zombies
  6 rats
305 creatures vanquished.

Vanquished Creatures (others)
  An unseen horror (D:10)
  Eustachio (D:5)
  A slave (D:5)
  A scorpion (D:5)
  A crimson imp (D:5)
  A hound (D:5)
6 creatures vanquished.

Grand Total: 311 creatures vanquished

Notes
Turn   | Place    | Note
-------+----------+-------------------------------------------
     0 | D:1      | Ushi the Minotaur Fighter began the quest for the Orb.
     0 | D:1      | Reached XP level 1. HP: 19/19 MP: 0/0
   139 | D:1      | Reached XP level 2. HP: 26/27 MP: 1/1
   759 | D:2      | Found a sacrificial altar of Ru.
  1027 | D:2      | Reached skill level 3 in Long Blades
  1029 | D:2      | Reached XP level 3. HP: 28/33 MP: 2/2
  1778 | D:3      | Noticed Terence
  1784 | D:3      | Killed Terence
  1784 | D:3      | Reached XP level 4. HP: 37/40 MP: 3/3
  1929 | D:3      | Noticed Robin
  1958 | D:3      | Killed Robin
  1971 | D:3      | Reached skill level 4 in Long Blades
  2172 | D:3      | Reached XP level 5. HP: 40/46 MP: 4/4
  2380 | D:3      | Reached skill level 1 in Dodging
  2763 | D:4      | Reached skill level 5 in Shields
  2920 | D:4      | Found a glowing golden altar of the Shining One.
  2920 | D:4      | Found a radiant altar of Vehumet.
  2975 | D:4      | Noticed an ogre
  2992 | D:4      | Killed an ogre
  2992 | D:4      | Reached skill level 5 in Long Blades
  2992 | D:4      | Reached XP level 6. HP: 32/53 MP: 5/5
  3024 | D:4      | Found an ornate altar of the Wu Jian Council.
  3376 | D:5      | Entered Level 5 of the Dungeon
  3488 | D:5      | Noticed Pikel
  3489 | D:5      | Noticed a slave
  3491 | D:5      | Noticed a slave
  3492 | D:5      | Noticed Eustachio
  3515 | D:5      | Killed Pikel
  3515 | D:5      | Reached skill level 5 in Fighting
  3515 | D:5      | Reached skill level 6 in Long Blades
  3515 | D:5      | Reached skill level 5 in Armour
  3515 | D:5      | Reached XP level 7. HP: 48/61 MP: 6/6
  3529 | D:5      | Found an ornate altar of the Wu Jian Council.
  3545 | D:5      | Killed Eustachio
  3638 | D:5      | Found a glowing silver altar of Zin.
  3980 | D:5      | Reached skill level 7 in Long Blades
  4213 | D:6      | Reached skill level 1 in Stealth
  4257 | D:6      | Found a staircase to the Ecumenical Temple.
  4284 | Temple   | Entered the Ecumenical Temple
  4515 | Temple   | Became a worshipper of Trog the Wrathful
  4606 | D:6      | Reached XP level 8. HP: 63/68 MP: 7/7
  4995 | D:6      | Reached skill level 8 in Long Blades
  5214 | D:6      | Found a white marble altar of Elyvilon.
  5214 | D:6      | Found a snail-covered altar of Cheibriados.
  5274 | D:6      | Reached * piety under Trog
  5702 | D:7      | Noticed Prince Ribbit
  5744 | D:7      | Reached XP level 9. HP: 25/75 MP: 8/8
  5755 | D:7      | Reached skill level 9 in Long Blades
  6248 | D:7      | Found Jogyif's Gadget Boutique.
  6379 | D:7      | Killed Prince Ribbit
  6874 | D:8      | Noticed Grum
  6874 | D:8      | Noticed Joseph
  7016 | D:7      | Killed Joseph
  7139 | D:8      | Killed Grum
  7139 | D:8      | Reached skill level 10 in Long Blades
  7417 | D:8      | Reached ** piety under Trog
  7428 | D:8      | Found an iron altar of Okawaru.
  7497 | D:8      | Reached XP level 10. HP: 81/86 MP: 7/9
  7536 | D:8      | Noticed Erica
  7566 | D:8      | HP: 4/86 [Erica/bolt of poison (21)]
  7575 | D:8      | Killed Erica
  7579 | D:8      | Reached skill level 11 in Long Blades
  8220 | D:8      | Reached *** piety under Trog
  8400 | D:9      | Got a dazzling ring mail
  8420 | D:9      | Reached skill level 10 in Shields
  9023 | D:9      | Found a staircase to the Orcish Mines.
  9182 | D:9      | Reached skill level 12 in Long Blades
  9362 | D:9      | Noticed a two-headed ogre
  9379 | D:9      | Killed a two-headed ogre
  9399 | D:9      | Found a deep blue altar of Sif Muna.
  9507 | D:9      | Found a shattered altar of Ashenzari.
  9520 | D:9      | Reached XP level 11. HP: 94/97 MP: 10/10
  9535 | D:9      | Reached **** piety under Trog
  9673 | D:10     | Entered Level 10 of the Dungeon
  9846 | D:10     | Found a staircase to the Lair.
  9857 | D:10     | Reached skill level 13 in Long Blades
  9964 | D:10     | Noticed a two-headed ogre
  9968 | D:10     | Killed a two-headed ogre
 10272 | D:10     | Reached skill level 10 in Fighting
 10310 | D:10     | Found Igamnecirch's Gadget Boutique.
 10382 | D:10     | Killed an unseen horror
 10731 | Lair:1   | Entered Level 1 of the Lair of Beasts
 11120 | Lair:1   | Noticed a six-headed hydra
 11130 | Lair:1   | Reached skill level 10 in Armour
 11133 | Lair:1   | Killed a four-headed hydra
 11133 | Lair:1   | Reached skill level 14 in Long Blades
 11206 | Lair:1   | Reached ***** piety under Trog
 11445 | Lair:1   | Noticed Gastronok
 11454 | Lair:1   | Killed Gastronok
 11454 | Lair:1   | Reached XP level 12. HP: 108/108 MP: 11/11
 11718 | Lair:2   | Found a staircase to the Snake Pit.
 11995 | Lair:2   | Found a glowing silver altar of Zin.
 12279 | Snake:1  | Entered Level 1 of the Snake Pit
 12279 | Snake:1  | Noticed a naga warrior
 12292 | Snake:1  | Killed a naga warrior
 12300 | Snake:1  | Noticed a green death
 12313 | Snake:1  | Reached skill level 15 in Long Blades
 12330 | Snake:1  | HP: 1/110 [naga mage/bolt of poison (18)]
 12331 | Snake:1  | Succumbed to a naga mage's bolt of poison

Vault maps used:
D:1:      matt_arrival_diagonals
D:2:      nicolae_ru_sacrificial_ziggurat, minivault_24
D:3:      first_bread, uniq_robin, uniq_terence
D:4:      kennysheep_mini_moat, amethyst_overflow_temple_binary, abandoned_shop
D:5:      zin_academy, basic_altar, uniq_pikel, uniq_eustachio
D:6:      gammafunk_temple_overflow_wave, minmay_temple_entry_grid
D:7:      serial_shops, shop, uniq_prince_ribbit1
D:8:      okawaru_gym_becter, uniq_grum, uniq_joseph, uniq_erica
D:9:      led_sif_book, cheibrodos_ashenzari_chains, erik_orc_1,
          serial_corexii_hall, corexii_hall_statues_deadend,
          corexii_hall_statues_s
D:10:     david_lair_generic, serial_shops, shop
Temple:   minmay_temple_bridge_abc
Lair:1:   lemuel_fruit_fields, lemuel_fruit_fields, lemuel_fruit_fields,
          infiniplex_staircase_pool_2, grunt_megastairs_1, uniq_gastronok
Lair:2:   minmay_snake_entry_guardpost_small, lemuel_oklob_altar
Snake:1:  cheibrodos_toxic_ritual, grunt_megastairs_2

Skill      XL: |  1  2  3  4  5  6  7  8  9 10 11 12 |
---------------+-------------------------------------+-----
Shields        | 4 5 6 7 9 10 11 | 11.1
Fighting       | 4 5 6 7 9 10 11 | 11.0
Long Blades    | 3 4 5 6 7 8 10 12 14 15 | 15.1
Armour         | 4 5 7 8 9 10 | 10.8
Dodging        | 1 2 3 |  3.1
Stealth        | 1 |  1.8

Action                   |  1- 3 |  4- 6 |  7- 9 | 10-12 || total
-------------------------+-------+-------+-------+-------++-------
Melee: Long sword        |   103 |   128 |   372 |   117 ||   720
       Headbutt          |    16 |    15 |   101 |   132 ||   264
       Scimitar          |       |       |       |   370 ||   370
Invok: Berserk           |       |       |     1 |     9 ||    10
       Trog's Hand       |       |       |       |     2 ||     2
       Burn Spellbooks   |       |       |       |     2 ||     2
  Use: Scroll            |     2 |       |     4 |       ||     6
       Potion            |       |       |     7 |     2 ||     9
 Stab: Confused          |       |       |       |     1 ||     1
  Eat: Chunk             |     3 |     4 |    10 |    25 ||    42
       Meat ration       |       |       |     1 |       ||     1
Armor: Scale mail        |    24 |       |       |       ||    24
       Chain mail        |    35 |    47 |   104 |       ||   186
       Plate armour      |       |       |    30 |   171 ||   201
Dodge: Dodged            |    17 |    13 |    70 |    83 ||   183
Block: Shield            |    47 |    55 |   191 |   209 ||   502
       Rpst.: Long sword |     4 |     1 |    25 |     5 ||    35
       Scimitar          |       |       |       |    16 ||    16

Table legend:
 A = Spawn XP
 B = Non-spawn XP
 C = Spawn XP percentage of total XP
 D = Spawn monster count
 E = Non-spawn monster count
 F = Spawn count percentage of total count
 G = Total turns spent on level
                    A         B        C        D         E        F      G
               +---------+---------+-------+---------+---------+-------+---------
         Total |       0 |   26274 |   0.0 |       0 |     306 |   0.0 | 12331
               +---------+---------+-------+---------+---------+-------+---------
           D:1 |       0 |      24 |   0.0 |       0 |      15 |   0.0 |   690
           D:2 |       0 |      65 |   0.0 |       0 |      21 |   0.0 |  1071
           D:3 |       0 |     177 |   0.0 |       0 |      35 |   0.0 |   996
           D:4 |       0 |     277 |   0.0 |       0 |       6 |   0.0 |   619
           D:5 |       0 |     739 |   0.0 |       0 |       7 |   0.0 |   821
           D:6 |       0 |    1044 |   0.0 |       0 |      25 |   0.0 |  1004
           D:7 |       0 |    2242 |   0.0 |       0 |      31 |   0.0 |  1670
           D:8 |       0 |    3604 |   0.0 |       0 |      53 |   0.0 |  1239
           D:9 |       0 |    3840 |   0.0 |       0 |      40 |   0.0 |  1306
          D:10 |       0 |    5199 |   0.0 |       0 |      50 |   0.0 |  1058
        Lair:1 |       0 |    5136 |   0.0 |       0 |      12 |   0.0 |   912
        Lair:2 |       0 |    2014 |   0.0 |       0 |       8 |   0.0 |   636
       Snake:1 |       0 |    1913 |   0.0 |       0 |       3 |   0.0 |    52
               +---------+---------+-------+---------+---------+-------+---------
